 Dungeon Crawl Stone Soup version 0.19.5 (webtiles) character file.

455 vatarom the Zephyrmancer (level 7, -2/38 HPs)
             Began as a Tengu Air Elementalist on Mar 12, 2017.
             Was a Follower of Vehumet.
             Killed by divine providence
             ... invoked by an orc priest
              (13 damage)
             ... on level 4 of the Dungeon.
             The game lasted 00:13:25 (5236 turns).

vatarom the Zephyrmancer (Tengu Air Elementalist)   Turns: 5236, Time: 00:13:26

Health: -2/38      AC:  5    Str:  7 (9)  XL:     7   Next: 5%
Magic:  1/11       EV: 12    Int: 17      God:    Vehumet [*.....]
Gold:   182        SH:  0    Dex: 12 (14) Spells: 4 memorised, 2 levels left

rFire  . . .     SeeInvis .     d - +1 spear
rCold  . . .     Gourm    .     a - +0 robe
rNeg   . . .     Faith    .     (no shield)
rPois  .         Spirit   .     e - +2 hat
rElec  .         Reflect  .     (no cloak)
rCorr  .         Harm     .     h - +0 pair of gloves
MR     .....                    (boots unavailable)
Stlth  +++.......               (no amulet)
                                (no ring)
                                i - ring of stealth

@: no status effects
A: beak, talons 3, able to fly 1
a: Fly, Renounce Religion


You were on level 4 of the Dungeon.
You worshipped Vehumet.
Vehumet was aware of your devotion.
You were not hungry.

You visited 2 branches of the dungeon, and saw 7 of its levels.
You also visited: Sewer.

You collected 182 gold pieces.

Inventory:

Hand Weapons
 d - a +1 spear (weapon)
Armour
 a - a +0 robe (worn)
 e - a +2 hat (worn)
 h - a +0 pair of gloves (worn)
Jewellery
 i - a ring of stealth (left hand)
Scrolls
 f - 2 scrolls of enchant weapon
 j - 2 scrolls of magic mapping
 m - a scroll of remove curse
Potions
 g - a potion of cancellation
Books
 b - a book of Air

   Spells                             Type                      Level
   a - Shock                          Conjuration/Air              1
   b - Swiftness                      Charms/Air                   2
   c - Repel Missiles                 Charms/Air                   2
   d - Static Discharge               Conjuration/Air              3
   e - Lightning Bolt                 Conjuration/Air              5
Comestibles
 c - a bread ration
 k - a meat ration
 l - a slice of pizza


   Skills:
 + Level 1.5 Fighting
 - Level 2.1 Dodging
 - Level 2.0 Stealth
 - Level 2.0 Spellcasting
 - Level 1.3 Conjurations
 - Level 9.8 Air Magic


You had 2 spell levels left.
You knew the following spells:

 Your Spells              Type           Power        Failure   Level  Hunger
a - Shock                 Conj/Air       ###.         1%          1    #......
b - Repel Missiles        Chrm/Air       ###...       4%          2    ###....
c - Swiftness             Chrm/Air       ###.....     4%          2    ###....
d - Static Discharge      Conj/Air       ###.....     8%          3    ###....


Dungeon Overview and Level Annotations

Branches:
Dungeon (6/15)             Temple (1/1) D:4

Altars:
Ashenzari
Elyvilon
Fedhas
Gozag
Hepliaklqana
Kikubaaqudgha
Makhleb
Nemelex Xobeh
Okawaru
Qazlal
Ru
Trog
Vehumet
Xom
Yredelemnul
Zin
The Shining One

Annotations:
D:4 Eustachio


Innate Abilities, Weirdness & Mutations

You have a beak for a mouth.
You have claws for feet.
You can fly.


Message History

Casting: Shock
Confirm with . or Enter, or press ? or * to list all spells.
Aiming: Shock
Press: ? - help, Shift-Dir - straight line, f/p - orc priest
Aim: an orc priest, wielding a dagger of electrocution and wearing a leather armour (lightly wounded)
The zap hits the orc priest.
The orc priest is heavily wounded.
The orc priest invokes the aid of Beogh against you.
Beogh smites you!
* * * LOW HITPOINT WARNING * * *
Casting: Shock
Confirm with . or Enter, or press ? or * to list all spells.
Aiming: Shock
Press: ? - help, Shift-Dir - straight line, f/p - orc priest
Aim: an orc priest, wielding a dagger of electrocution and wearing a leather armour (heavily wounded)
The zap hits the orc priest.
The orc priest is severely wounded.
The orc priest invokes the aid of Beogh against you.
Beogh smites you!
You die...

**,***,** *,********,*
**,,*,* ###o#### *,*
**,,,#####......## *,*
***,,...........# *,*
**,,*#.........####,* ***
*,,***#...)........****,*
**,** #.........#*****,**
*** **,,* ##.........#
*#.** ,,***,,**
#....@....)# *#.#*
,,,,,,,*
#...)).....#*#.#*
,,***,** #....).....##.#*
***,,,,* #..........#.#*
*,,,,,,** ##...†......#*
#******,*** ##........##
## **,,***#........# ≈#
**,,,,.#......## .#****
*,,***#......#


You could see an orc priest.

Vanquished Creatures
  A water moccasin (D:4)
  A howler monkey (D:4)
  A crimson imp (D:4)
  The ghost of Scuka the Conjurer, a weakling DECj (D:3)
  2 hounds
  2 worker ants (D:4)
  4 adders
  A river rat (Sewer)
  3 oozes (D:1)
  An adder skeleton (D:4)
  A worm (D:4)
  A dart slug (D:1)
  3 leopard geckos (D:4)
  8 orcs
  7 giant cockroaches
  5 goblins
  5 hobgoblins
  5 jackals
  5 kobolds
  A quokka (D:2)
  5 ball pythons
  4 bats
  A frilled lizard (D:2)
  2 leopard gecko skeletons (D:4)
  6 rats
76 creatures vanquished.

Notes
Turn   | Place    | Note
-------+----------+-------------------------------------------
     0 | D:1      | vatarom the Tengu Air Elementalist began the quest for the Orb.
     0 | D:1      | Reached XP level 1. HP: 10/10 MP: 4/4
   174 | D:1      | Reached XP level 2. HP: 13/15 MP: 3/6
   257 | D:1      | Reached skill level 5 in Air Magic
   440 | D:1      | Reached XP level 3. HP: 19/19 MP: 0/7
   640 | D:1      | Learned a level 2 spell: Repel Missiles
   643 | D:1      | Learned a level 2 spell: Swiftness
   805 | D:2      | Found a shattered altar of Ashenzari.
   936 | D:2      | Reached skill level 6 in Air Magic
  1087 | D:2      | Found a white marble altar of Elyvilon.
  1322 | D:2      | Reached XP level 4. HP: 24/24 MP: 2/8
  1428 | D:2      | Found a shattered altar of Ashenzari.
  1752 | D:2      | Found a white marble altar of Elyvilon.
  2008 | D:3      | Found a burning altar of Makhleb.
  2012 | D:3      | Reached skill level 7 in Air Magic
  2356 | D:3      | Gained mutation: You can fly. [Tengu growth]
  2356 | D:3      | Reached XP level 5. HP: 28/28 MP: 6/9
  2496 | D:3      | Found a stormy altar of Qazlal.
  2511 | D:3      | Noticed Scuka's ghost (weakling DECj)
  2521 | D:3      | Killed Scuka's ghost
  3025 | D:4      | Reached skill level 8 in Air Magic
  3068 | D:4      | Found a staircase to the Ecumenical Temple.
  3074 | Temple   | Entered the Ecumenical Temple
  3272 | Temple   | Became a worshipper of Vehumet
  3324 | D:4      | Learned a level 3 spell: Static Discharge
  3394 | D:4      | Noticed a water moccasin
  3421 | D:4      | Found a glowing drain.
  3480 | Sewer    | Entered a sewer
  3488 | Sewer    | Reached XP level 6. HP: 25/32 MP: 0/10
  3810 | D:4      | You fall through a shaft for 2 floors!
  3862 | D:5      | Entered Level 5 of the Dungeon
  4144 | D:4      | Reached skill level 9 in Air Magic
  4216 | D:4      | Killed a water moccasin
  4488 | D:4      | Noticed Eustachio
  4679 | D:4      | Noticed a sky beast
  4699 | D:4      | Got an ancient leather armour
  4710 | D:4      | Identified the cursed +0 leather armour of Entitlement {rElec Str-4 Int+4} (You found it on level 4 of the Dungeon)
  4824 | D:4      | Reached skill level 1 in Fighting
  4824 | D:4      | Reached XP level 7. HP: 35/38 MP: 6/11
  5157 | D:4      | Reached * piety under Vehumet
  5157 | D:4      | Offered knowledge of Magic Dart by Vehumet.
  5236 | D:4      | Killed from afar by an orc priest

Skill      XL: |  1  2  3  4  5  6 |
---------------+-------------------+-----
Air Magic      | 5 6 7 8 9 |  9.8
Fighting       | 1 |  1.5
Dodging        | |  2.1
Stealth        | |  2.0
Spellcasting   | |  2.0
Conjurations   | |  1.3

Action                   |  1- 3 |  4- 6 |  7- 9 || total
-------------------------+-------+-------+-------++-------
Melee: Short sword       |     9 |     3 |       ||    12
       Peck              |     3 |     5 |       ||     8
       Kick              |     2 |     7 |     1 ||    10
       Unarmed           |     4 |       |       ||     4
       Spear             |       |    28 |     4 ||    32
 Cast: Shock             |    55 |   100 |    23 ||   178
       Static Discharge  |       |     8 |       ||     8
 Abil: Fly               |       |     1 |       ||     1
  Use: Scroll            |     7 |     5 |       ||    12
       Potion            |     2 |     5 |       ||     7
  Eat: Chunk             |     2 |     3 |       ||     5
       Meat ration       |       |     2 |       ||     2
       Bread ration      |       |     1 |       ||     1
Armor: Skin              |     5 |       |       ||     5
       Robe              |     4 |     8 |     2 ||    14
Dodge: Dodged            |    22 |    33 |     8 ||    63
